 Dungeon Crawl Stone Soup version 0.27-a0-1135-g81dfa19a63 (webtiles) character file.

Game seed: 9946960827560506032

315 Froggeryz the Ruffian (level 6, 0/53 HPs)
             Began as a Draconian Wanderer on May 4, 2021.
             Succumbed to a water moccasin's poison
             ... on level 3 of the Dungeon.
             The game lasted 00:02:54 (2797 turns).

Froggeryz the Ruffian (Draconian Wanderer)          Turns: 2797, Time: 00:02:55

Health: 0/53       AC:  6    Str: 17    XL:     6   Next: 20%
Magic:  6/6        EV: 11    Int: 13    God:
Gold:   115        SH:  4    Dex:  9    Spells: 5/5 levels left

rFire    . . .     SeeInvis .   h - +3 mace (drain)
rCold    . . .     Faith    .   e - +0 buckler
rNeg     . . .     Spirit   .   (armour unavailable)
rPois    .         Reflect  .   (helmet restricted)
rElec    .         Harm     .   (no cloak)
rCorr    .         Rampage  .   (no gloves)
Will     .....                  (no boots)
Stlth    +.........             (no amulet)
HPRegen  0.17/turn              (no ring)
MPRegen  0.10/turn              (no ring)

@: lethally poisoned (0 -> -3)
A: AC +6, unfitting armour, cold-blooded
a: no special abilities


You were on level 3 of the Dungeon.
You visited 1 branch of the dungeon, and saw 3 of its levels.

You collected 115 gold pieces.

Inventory:

Hand Weapons
 h - a +3 mace of draining (weapon)
Armour
 e - a +0 buckler (worn)
Scrolls
 c - 3 scrolls of teleportation
 f - a scroll of identify
 g - 2 scrolls of vulnerability
Potions
 b - 2 potions of might


   Skills:
 - Level 4.3 Fighting
 - Level 1.0 Axes
 + Level 3.6 Shields
 * Level 5.0 Unarmed Combat
 - Level 1.0 Transmutations
 - Level 2.0 Fire Magic
 - Level 1.0 Evocations


You had 5 spell levels left.
You didn't know any spells.
Your spell library was empty.

Dungeon Overview and Level Annotations

Branches:
Dungeon (3/15)

Altars:
Ru


Innate Abilities, Weirdness & Mutations

Your plain brown scales are hard. (AC +6)
You cannot fit into any form of body armour.
You are cold-blooded and may be slowed by cold attacks.


Message History

The goblin hits you with a +0 dagger.
* * * LOW HITPOINT WARNING * * *
The water moccasin closely misses you.
You barely miss the water moccasin.
The water moccasin is severely wounded.
You feel sick. The water moccasin bites you.
* * * LOW HITPOINT WARNING * * *
You are lethally poisoned!
The water moccasin poisons you! The goblin hits you with a +0 dagger.
* * * LOW HITPOINT WARNING * * *
The water moccasin bites you.
* * * LOW HITPOINT WARNING * * *
You block the goblin's attack.
Okay, then.
Okay, then.
Unknown command.
Unknown command.
You sock the water moccasin!
You kill the water moccasin!
* * * LOW HITPOINT WARNING * * *
You feel very sick. The goblin hits you but does no damage.
Your Unarmed Combat skill increases to level 5!
You have reached level 6!
Your experience leads to an increase in your attributes!
Increase (S)trength, (I)ntelligence, or (D)exterity?
You feel stronger.
Your scales feel tougher.
You sock the goblin!
You kill the goblin!
* * * LOW HITPOINT WARNING * * *
You feel sick.
* * * LOW HITPOINT WARNING * * *
You feel sick.
Things that are here:
a +0 dagger; a +0 club; a goblin corpse
Okay, then.
Okay, then.
* * * LOW HITPOINT WARNING * * *
You feel sick.
You die...

*,,,,,,,,,,,..........##.
*.........,,..........###
*........#*#.###.........
*........# #.# #.........
*........###'###.........
*..........'_###.###.....
*........###'###.# #.....
*........# #.# #.###.....
*.......@###.###...+.....
*.........)......###.....
*............##### #.....
*............# #.....
*............# *,,,,,
*############# *,,,,,
******


There were no monsters in sight!

Vanquished Creatures
  A water moccasin (D:3)
  A necrophage (D:3)
  An orc wizard (D:1)
  2 adders
  3 gnolls
  2 dart slugs (D:2)
  4 orcs
  3 bats
  3 endoplasms
  A giant cockroach (D:2)
  3 goblins
  2 hobgoblins (D:1)
  8 jackals
  3 kobolds (D:1)
  4 quokkas
  2 ball pythons
  2 frilled lizards
  2 rats
47 creatures vanquished.

Vanquished Creatures (others)
  A plant (D:2)
1 creature vanquished.

Grand Total: 48 creatures vanquished

Notes
Turn   | Place    | Note
-------+----------+-------------------------------------------
     0 | D:1      | Froggeryz the Draconian Wanderer began the quest for the
                  | Orb.
     0 | D:1      | Froggeryz set off with the following items: a +2 hand axe,
                  | a potion of lignification, a scroll of teleportation
     0 | D:1      | Reached XP level 1. HP: 22/22 MP: 1/1
    44 | D:1      | Found a faded altar of an unknown god.
    55 | D:1      | Reached skill level 1 in Unarmed Combat
   170 | D:1      | Reached XP level 2. HP: 28/28 MP: 2/2
   963 | D:1      | Reached skill level 2 in Unarmed Combat
   963 | D:1      | Reached XP level 3. HP: 11/34 MP: 3/3
  1632 | D:1      | Reached skill level 3 in Unarmed Combat
  1632 | D:1      | Reached XP level 4. HP: 29/41 MP: 4/4
  2694 | D:3      | Noticed a necrophage
  2706 | D:3      | Killed a necrophage
  2707 | D:3      | Reached skill level 4 in Unarmed Combat
  2707 | D:3      | Reached XP level 5. HP: 38/47 MP: 5/5
  2771 | D:3      | Found a sacrificial altar of Ru.
  2783 | D:3      | Noticed a water moccasin
  2793 | D:3      | Killed a water moccasin
  2794 | D:3      | Reached skill level 5 in Unarmed Combat
  2794 | D:3      | Reached XP level 6. HP: 5/53 MP: 6/6
  2795 | D:3      | HP: 2/53 [poisoned by a water moccasin]
  2797 | D:3      | Succumbed to a water moccasin's poison

Illustrated notes

Levels and vault maps discovered:
D:1:      shiori_arrival_maze, layout_basic, basic_ecumenical_altar
D:2:      layout_basic, serial_bayou_crossing
D:3:      layout_basic, lemuel_doored_altar, lemuel_round_altar,
          cheibrodos_gnoll_hut, uniq_natasha

Skill      XL: |  1  2  3  4  5 |
---------------+----------------+-----
Unarmed Combat | 1 2 3 4 5 |  5.0
Shields        | 2 3 |  3.6
Fighting       | |  4.3
Axes           | |  1.0
Transmutations | |  1.0
Fire Magic     | |  2.0
Evocations     | |  1.0

Action                   |  1- 3 |  4- 6 || total
-------------------------+-------+-------++-------
Melee: Hand axe          |    92 |    46 ||   138
       Tailslap          |     7 |     2 ||     9
       Mace              |       |    17 ||    17
  Use: Scroll            |     1 |     5 ||     6
       Potion            |     1 |       ||     1
Armor: Skin              |    34 |    24 ||    58
Dodge: Dodged            |    57 |    64 ||   121
Block: Buckler           |       |     5 ||     5

Table legend: (Time is in decaauts)
 A = Elapsed time spent in this place.
 B = Non-inter-level travel time spent in this place.
 C = Inter-level travel time spent in this place.
 D = Time resting spent in this place.
 E = Time spent auto-exploring this place.
 F = Levels seen in this place.
 G = Mean time per level.
                   A        B        C        D        E       F      G
               +--------+--------+--------+--------+--------+-----+--------+
         Total |   2848 |   2814 |     34 |    792 |   1604 |   3 |  949.3 |
       Dungeon |   2848 |   2814 |     34 |    792 |   1604 |   3 |  949.3 |
               +--------+--------+--------+--------+--------+-----+--------+

Top non-repeatable levels by time:
     D:1: 1519 daAuts
     D:2: 1025 daAuts
     D:3: 304 daAuts
